 Dungeon Crawl Stone Soup version 0.25.1-2-g60ff931df9 (webtiles) character file.

Game seed: 17919086850996309380

189802 Johnny the Gelid (level 17, -1/111 HPs)
             Began as a Demigod Earth Elementalist on Oct 26, 2020.
             Shot with an arrow by a deep elf master archer (37 damage)
             ... on level 3 of the Elven Halls.
             The game lasted 01:01:31 (35863 turns).

Johnny the Gelid (Demigod Earth Elementalist)      Turns: 35863, Time: 01:01:31

Health: -1/111     AC: 12    Str: 11    XL:     17   Next: 34%
Magic:  4/43       EV: 12    Int: 29    God:
Gold:   893        SH: 13    Dex: 16    Spells: 24/49 levels left

rFire    . . .     SeeInvis .   W - staff of cold
rCold    + + +     Gourm    .   f - +0 kite shield {rN+}
rNeg     + . .     Faith    .   S - +3 troll leather armour
rPois    .         Spirit   .   o - +0 helmet
rElec    .         Reflect  .   C - +0 cloak {MR+}
rCorr    .         Harm     .   V - +0 pair of gloves "Jorrad" {*Drain rC+++ MR+ Stlth-}
MR       +++..                  h - +1 pair of boots
Stlth    +.........             M - amulet of magic regeneration
HPRegen  0.68/turn              D - ring of protection from fire
MPRegen  0.53/turn              a - ring of ice

@: lethally poisoned (-1 -> -2), about to teleport, marked, no potions
A: high mp 1
a: no special abilities


You were on level 3 of the Elven Halls.
You were very full.

You visited 5 branches of the dungeon, and saw 27 of its levels.
You visited the Abyss 1 time.
You also visited: Ossuary, Bailey and Ice Cave.

You collected 2561 gold pieces.
You spent 1668 gold pieces at shops.

Inventory:

Missiles
 U - 46 stones (quivered)
Armour
 f - a +0 kite shield of positive energy (worn)
 h - a +1 pair of boots (worn)
 o - a +0 helmet (worn)
 C - a +0 cloak of magic resistance (worn)
 S - a +3 troll leather armour (worn)
 V - the +0 pair of gloves "Jorrad" (worn) {*Drain rC+++ MR+ Stlth-}
   (You found it on level 2 of the Elven Halls)

   It renders you almost immune to cold.
   It affects your resistance to hostile enchantments.
   It causes draining when unequipped.
   It makes you less stealthy.
Magical Staves
 W - an uncursed staff of cold (weapon)
Jewellery
 a - a ring of ice (right hand)
 y - an uncursed ring of poison resistance
 z - an uncursed ring of magical power
 D - a ring of protection from fire (left hand)
 E - an uncursed amulet of guardian spirit
 J - an uncursed amulet of regeneration
 L - an uncursed ring of wizardry
 M - an amulet of magic regeneration (around neck)
Wands
 j - a wand of iceblast (17)
 F - a wand of digging (11)
 T - a wand of acid (2)
Scrolls
 b - 3 scrolls of holy word
 c - 4 scrolls of immolation
 g - a scroll of brand weapon {unknown}
 l - 11 scrolls of remove curse
 s - 11 scrolls of teleportation
 v - 3 scrolls of blinking
 w - 2 scrolls of fog
 B - a scroll of vulnerability
 O - a scroll of fear
 P - 2 scrolls of magic mapping
 X - 2 scrolls of silence
Potions
 e - 3 potions of heal wounds
 i - 2 potions of flight {unknown}
 k - 11 potions of curing
 n - 3 potions of lignification
 p - a potion of invisibility
 q - 6 potions of magic
 r - 2 potions of brilliance
 t - 2 potions of ambrosia {unknown}
 A - a potion of cancellation
 G - 6 potions of mutation
 H - 2 potions of resistance
 I - 2 potions of might
 K - 2 potions of berserk rage
 Y - a potion of stabbing
Miscellaneous
 m - a tin of tremorstones (3/3)
 x - a phial of floods
 N - a lightning rod (4/4)
 Q - 2 phantom mirrors
 R - a box of beasts
 Z - a phial of floods
Comestibles
 d - 28 rations
 u - 2 chunks of flesh


   Skills:
 - Level 1.7 Dodging
 - Level 1.7 Stealth
 - Level 15.7 Shields
 + Level 16.7 Spellcasting
 - Level 0.8 Transmutations
 - Level 16.8 Ice Magic
 - Level 15.2 Earth Magic


You had 24 spell levels left.
You knew the following spells:

 Your Spells              Type           Power        Failure   Level  Hunger
a - Sandblast             Erth           ######       0%          1    None
b - Stone Arrow           Conj/Erth      ######       1%          3    None
c - Lee's Rapid Deconstr  Erth           #######...   1%          5    None
d - Petrify               Tmut/Erth      ######..     1%          4    None
e - Ozocubu's Refrigerat  Ice            ########..   1%          6    ###....
f - Freezing Cloud        Conj/Ice/Air   #######...   36%         6    ###....

Your spell library contained the following spells:

 Spells                   Type           Power        Failure   Level  Hunger
 Passwall                 Tmut/Erth      ######..     1%          2    None
 Ice Form                 Ice/Tmut       ########     1%          4    None
 Leda's Liquefaction      Hex/Erth       ######....   1%          4    None
 Summon Ice Beast         Ice/Summ       ########     1%          4    None
 Animate Skeleton         Necr           N/A          2%          1    None
 Corona                   Hex            ###....      2%          1    None
 Magic Dart               Conj           ###.         2%          1    None
 Summon Small Mammal      Summ           ###.         2%          1    None
 Metabolic Englaciation   Hex/Ice        ########..   2%          5    None
 Call Imp                 Summ           ###.....     3%          2    None
 Poisonous Vapours        Pois/Air       ###...       3%          2    None
 Searing Ray              Conj           ###...       3%          2    None
 Slow                     Hex            ###.....     3%          2    None
 Borgnjor's Vile Clutch   Necr/Erth      ######....   3%          5    None
 Call Canine Familiar     Summ           ###.....     8%          3    None
 Confusing Touch          Hex            ###.....     8%          3    None
 Conjure Flame            Conj/Fire      ###.....     8%          3    None
 Dazzling Flash           Conj/Hex       ###...       8%          3    None
 Gell's Gravitas          Tloc           ###.......   8%          3    None
 Inner Flame              Hex/Fire       ###.....     8%          3    None
 Mephitic Cloud           Conj/Pois/Air  ###.....     8%          3    None
 Portal Projectile        Hex/Tloc       ###...       8%          3    None
 Summon Guardian Golem    Hex/Summ       ###.....     8%          3    None
 Simulacrum               Ice/Necr       ########..   12%         6    ###....
 Statue Form              Tmut/Erth      ######...    14%         6    ###....
 Cause Fear               Hex            ###.......   24%         4    None
 Dispel Undead            Necr           ###.....     24%         4    None
 Fulminant Prism          Conj/Hex       ###.......   24%         4    None
 Iskenderun's Mystic Bla  Conj/Tloc      ###.....     24%         4    None
 Summon Lightning Spire   Summ/Air       ###.....     24%         4    None
 Irradiate                Conj/Tmut      ####......   50%         5    None
 Yara's Violent Unravell  Hex/Tmut       ####......   50%         5    None
 Hydra Form               Tmut           ####......   95%         6    ###....
 Death Channel            Necr           ###.......   98%         6    ###....
 Dragon Form              Tmut           ####......   100%        7    #####..
 Ring of Flames           Chrm/Fire      ###.......   100%        7    #####..


Dungeon Overview and Level Annotations

Branches:
Dungeon (15/15)            Temple (1/1) D:7            Lair (6/6) D:11
  Swamp (0/4) Lair:2        Snake (0/4) Lair:4        Slime (0/5) Lair:6
    Orc (2/2) D:9             Elf (3/3) Orc:2        Vaults (0/5) D:14
Ossuary (visited)          Bailey (visited)           IceCv (visited)
 Depths: D:15

Shops:
D:5 =   D:8 (   D:10 *   D:12 (   Orc:2 (%=%   Elf:2 *   Elf:3 [

Portals:
Trove: D:11 (show slimy rune of Zot)

Annotations:
D:4 exclusion: oklob plant
D:5 1 runed translucent door


Innate Abilities, Weirdness & Mutations

You have an increased reservoir of magic. (+10% MP)


Message History

The deep elf master archer wields a +0 longbow.
The deep elf master archer shoots an arrow.
The arrow hits you.
The deep elf master archer shoots an arrow.
The arrow barely misses you.
You see here an arrow.
As you read the scroll of teleportation, it crumbles to dust.
You feel strangely unstable.
The deep elf archer unwields a +0 short sword of venom.
It stops dripping with poison.
The deep elf archer wields a +0 shortbow.
The deep elf archer shoots an arrow.
The arrow hits you!!
The deep elf master archer shoots an arrow.
The arrow hits you!!
As you read the scroll of fog, it crumbles to dust.
The scroll dissolves into smoke.
You feel sick.
A deep elf blademaster comes into view. It is wielding two +0 quick blades.
The deep elf master archer shoots an arrow.
The arrow hits you!!!
You die...

.##.##........#
.##.##.#..###.#######
[##.##.#......#......
.......).####.#......
........##......)....
...........##........
.....#..#####################
.###.......e...§§§).........#
...........e..(.@§8..8..8....
.#####.....##..§§§(()[.......
.# #......#.[..####e####.. .#
#.........###.))..).### .#
#.......###...8)).8...# .#
#...#..##.).........)... ##
#...#.## .).###....#.... #
#.....# e# ###..)##..
######.§..## #..)# )


You could see a deep elf blademaster, a deep elf master archer and a deep elf
archer (repels missiles).

Vanquished Creatures
  Saint Roka (Orc:2)
  A bone dragon (Abyss:3)
  A tentacled monstrosity (Abyss:3)
  A deep elf blademaster (Elf:3)
  A revenant (Abyss:3)
  A draconian shifter (Abyss:3)
  7 deep elf sorcerers (Elf:3)
  2 deep elf elementalists
  A stone giant (Orc:2)
  8 deep elf annihilators
  4 deep elf demonologists (Elf:3)
  A dire elephant (Lair:6)
  2 deep elf death magi
  Snorg (Orc:2)
  A deep elf high priest (Elf:3)
  3 vault guards
  4 hydras
  2 catoblepae
  3 centaur warriors
  24 dancing weapons
  8 death yaks (Lair:6)
  13 two-headed ogres
  2 ogre magi (Orc:2)
  A deep troll shaman (Lair:6)
  A tengu warrior (D:15)
  Urug (Lair:6)
  Sonja (Lair:1)
  28 deep elf knights
  A spatial maelstrom (Abyss:3)
  A wretched star (Abyss:3)
  2 deep trolls (Orc:2)
  4 skeletal warriors (D:14)
  An obsidian statue (D:13)
  19 deep elf archers
  4 necromancers
  4 orc sorcerers (Orc:2)
  3 orc knights
  An ugly thing (D:9)
  A wolf spider zombie (D:15)
  55 deep elf magi
  5 oklob plants
  3 manticores
  5 cyclopes
  7 black mambas
  A guardian serpent (Abyss:3)
  An ice statue (IceCv)
  4 elephants (Lair:6)
  12 spiny frogs
  A torpor snail (Lair:6)
  3 gargoyles
  Maggie (D:8)
  A yaktaur (D:15)
  5 rime drakes
  5 komodo dragons
  2 efreet
  A demonic crawler (D:15)
  10 freezing wraiths (IceCv)
  4 polar bears
  A queen bee (D:10)
  3 meliai (D:14)
  16 trolls
  17 slime creatures
  26 blink frogs
  7 hippogriffs
  A raiju (Abyss:3)
  4 centaur simulacra
  Sigmund (D:6)
  A spriggan (Lair:5)
  3 water elementals
  2 fire elementals
  5 wyverns
  5 basilisks
  9 humans (D:14)
  A wraith (D:13)
  33 yaks
  A steam dragon (D:14)
  A death yak simulacrum (IceCv)
  A soldier ant (D:12)
  A harpy simulacrum (D:15)
  A naga (shapeshifter) (Elf:2)
  3 large abominations
  6 nagas (Lair:4)
  A warg (Orc:1)
  An acid dragon (D:13)
  8 water moccasins
  17 porcupines
  12 ice beasts
  21 orc warriors
  2 phantoms
  4 black bears
  6 sky beasts
  17 wolves
  11 centaurs
  23 ogres
  11 crocodiles
  2 elf zombies (Elf:1)
  2 big kobolds
  5 small abominations (Abyss:3)
  18 bullfrogs
  An earth elemental (Elf:1)
  8 scorpions
  22 killer bees (D:10)
  A wight (D:10)
  7 howler monkeys
  5 crimson imps
  2 bullfrog zombies
  A human zombie (Ossuary)
  3 draconian simulacra (IceCv)
  4 starcursed masses (Abyss:3)
  4 centaur zombies
  10 hounds
  2 jellies (Lair:6)
  A quasit (D:8)
  6 centaur skeletons
  20 orc priests
  Crazy Yiuf (D:4)
  3 bullfrog skeletons
  2 iron imps
  Jessica (D:3)
  3 iguanas
  18 orc wizards
  3 spriggan simulacra (IceCv)
  4 troll simulacra (IceCv)
  A polar bear simulacrum (IceCv)
  13 worker ants
  2 wolf simulacra (IceCv)
  A big kobold zombie (Ossuary)
  2 hound skeletons (D:7)
  4 mummies (Ossuary)
  Robin (D:4)
  A howler monkey zombie (D:5)
  A worker ant zombie (D:10)
  20 gnolls
  8 adders
  A naga simulacrum (IceCv)
  8 ogre simulacra (IceCv)
  2 shadow imps
  15 white imps
  2 ufetubi (D:15)
  2 adder zombies (Ossuary)
  An adder skeleton (D:5)
  2 worms
  6 dart slugs
  9 leopard geckos
  112 orcs
  2 bats (D:3)
  9 giant cockroaches
  A gnoll zombie (Ossuary)
  21 goblins
  14 hobgoblins
  6 jackals (D:8)
  A quokka (D:2)
  2 ball pythons
  3 frilled lizards (D:1)
  A goblin zombie (Ossuary)
  A hobgoblin zombie (Ossuary)
  23 kobolds
  A kobold zombie (Ossuary)
  An orc zombie (Ossuary)
  7 rats
  2 rat zombies (Ossuary)
  A butterfly (D:5)
  7 fungi
  20 plants
1070 creatures vanquished.

Vanquished Creatures (others)
  A human (D:14)
  4 fungi
5 creatures vanquished.

Grand Total: 1075 creatures vanquished

Notes
Turn   | Place    | Note
-------+----------+-------------------------------------------
     0 | D:1      | Johnny the Demigod Earth Elementalist began the quest for
                  | the Orb.
     0 | D:1      | Reached XP level 1. HP: 14/14 MP: 5/5
   470 | D:1      | Reached XP level 2. HP: 20/20 MP: 5/7
  1595 | D:2      | Reached XP level 3. HP: 26/26 MP: 5/8
  2010 | D:2      | Found a basalt altar of Yredelemnul.
  2182 | D:3      | Reached skill level 1 in Shields
  2382 | D:3      | Noticed Jessica
  2391 | D:3      | Killed Jessica
  2391 | D:3      | Reached XP level 4. HP: 30/33 MP: 8/10
  2843 | D:3      | Found a white marble altar of Elyvilon.
  3387 | D:4      | Noticed a phantom
  3395 | D:4      | Killed a phantom
  3395 | D:4      | Reached XP level 5. HP: 30/38 MP: 3/12
  3665 | D:4      | Reached skill level 5 in Earth Magic
  3665 | D:4      | Reached XP level 6. HP: 23/45 MP: 8/13
  4242 | D:4      | Reached XP level 7. HP: 33/50 MP: 11/15
  4526 | D:4      | Found a runed translucent door.
  4527 | D:4      | Noticed Crazy Yiuf
  4707 | D:4      | Noticed Robin
  4722 | D:4      | Killed Robin
  4848 | D:4      | Learned a level 3 spell: Stone Arrow
  5253 | D:4      | Found a blossoming altar of Fedhas.
  5274 | D:4      | Noticed an oklob plant
  5454 | D:4      | Killed Crazy Yiuf
  5500 | D:5      | Entered Level 5 of the Dungeon
  5803 | D:5      | Found a hazy altar of Hepliaklqana.
  6041 | D:5      | Reached XP level 8. HP: 37/57 MP: 8/18
  6195 | D:5      | Found a bloodstained altar of Trog.
  6517 | D:5      | Found a glowing golden altar of the Shining One.
  6632 | D:5      | Found a runed translucent door.
  6659 | D:5      | Found a runed translucent door.
  6683 | D:5      | Found Coch's Jewellery Boutique.
  6722 | D:5      | Learned a level 5 spell: Lee's Rapid Deconstruction
  6727 | D:5      | Learned a level 4 spell: Petrify
  7079 | D:5      | Found an iron altar of Okawaru.
  7082 | D:5      | Found a shimmering altar of Xom.
  7085 | D:5      | Found an ancient bone altar of Kikubaaqudgha.
  7097 | D:6      | Found a sand-covered staircase.
  7106 | Ossuary  | Entered an ossuary
  7151 | Ossuary  | Reached skill level 5 in Spellcasting
  7801 | D:6      | Found a snail-covered altar of Cheibriados.
  7816 | D:6      | Reached skill level 5 in Shields
  8245 | D:6      | Noticed Sigmund
  8249 | D:6      | Killed Sigmund
  8459 | D:6      | Got a warped great sword
  8548 | D:6      | Reached XP level 9. HP: 47/62 MP: 7/20
  9085 | D:7      | Found a staircase to the Ecumenical Temple.
 10283 | D:7      | Got an ichor-stained helmet
 10295 | D:7      | Identified the cursed +0 helmet of the Shining Light {rElec
                  | MP-9 Int+5} (You found it on level 7 of the Dungeon)
 10295 | D:7      | Identified the cursed +1 great sword of the Ten Eyes
                  | {vorpal, Dex+2 SInv} (You found it on level 6 of the
                  | Dungeon)
 10452 | D:8      | Noticed Maggie
 10765 | D:8      | Killed Maggie
 10921 | D:8      | Reached skill level 10 in Earth Magic
 11278 | D:8      | Found Afetukhly's Antique Weapon Boutique.
 11360 | D:8      | Noticed a two-headed ogre
 11370 | D:8      | Killed a two-headed ogre
 11370 | D:8      | Reached XP level 10. HP: 11/69 MP: 9/24
 11823 | D:8      | Found a burning altar of Makhleb.
 11883 | D:5      | Bought an uncursed amulet of magic regeneration for 360
                  | gold pieces
 11921 | Temple   | Entered the Ecumenical Temple
 12058 | D:9      | Found a staircase to the Orcish Mines.
 12135 | D:9      | Found a flagged portal.
 12144 | Bailey   | Entered a bailey
 12900 | D:9      | Found a sacrificial altar of Ru.
 13102 | D:9      | Noticed a purple ugly thing
 13111 | D:9      | Killed a purple ugly thing
 13722 | D:10     | Entered Level 10 of the Dungeon
 13786 | D:10     | Noticed a manticore
 13792 | D:10     | Killed a manticore
 14000 | D:10     | Noticed a two-headed ogre
 14006 | D:10     | Killed a two-headed ogre
 14019 | D:10     | Reached XP level 11. HP: 39/74 MP: 3/26
 14742 | D:10     | Found Piharphui's General Store.
 14747 | D:10     | Bought a scroll of teleportation for 42 gold pieces
 14747 | D:10     | Bought a potion of curing for 42 gold pieces
 15713 | D:11     | Found a staircase to the Lair.
 15971 | D:11     | Noticed a vault guard
 15990 | D:11     | Killed a vault guard
 16053 | D:11     | Found a portal to a secret trove of treasure.
 16162 | D:12     | Found Faxzuar's Antique Weapon Boutique.
 16871 | D:13     | Noticed a two-headed ogre
 16879 | D:13     | Killed a two-headed ogre
 16957 | D:13     | Noticed an obsidian statue
 16960 | D:13     | Killed an obsidian statue
 16960 | D:13     | Reached XP level 12. HP: 81/81 MP: 13/29
 17256 | D:13     | HP: 1/81 [enormous slime creature (80)]
 17836 | D:13     | Got a steaming buckler
 17837 | D:13     | Identified the cursed +0 buckler of the Other World
                  | {+Blink} (You found it on level 13 of the Dungeon)
 17839 | D:13     | Identified a scroll of acquirement
 17842 | D:13     | Acquired an uncursed staff of energy
 18024 | D:14     | Reached skill level 10 in Shields
 18209 | D:14     | Noticed a centaur warrior
 18214 | D:14     | Killed a centaur warrior
 18297 | D:14     | Noticed a vault guard
 18298 | D:14     | Noticed a vault guard
 18305 | D:14     | Killed a vault guard
 18314 | D:14     | Killed a vault guard
 18378 | D:14     | Found a gate to the Vaults.
 19134 | D:15     | Entered Level 15 of the Dungeon
 19145 | D:15     | Noticed a centaur warrior
 19364 | D:15     | Found a frozen archway.
 19383 | IceCv    | Entered an ice cave
 19386 | IceCv    | Reached XP level 13. HP: 52/86 MP: 1/31
 19480 | IceCv    | Reached skill level 10 in Spellcasting
 20637 | IceCv    | Found an ancient bone altar of Kikubaaqudgha.
 20861 | D:15     | Reached skill level 15 in Earth Magic
 20942 | D:15     | Noticed a frost giant
 21478 | Orc:1    | Entered Level 1 of the Orcish Mines
 21826 | Orc:2    | Entered Level 2 of the Orcish Mines
 21828 | Orc:2    | Reached skill level 1 in Ice Magic
 22224 | Orc:2    | Noticed Saint Roka
 22284 | Orc:2    | Killed Saint Roka
 22284 | Orc:2    | Reached skill level 5 in Ice Magic
 22779 | Orc:2    | Found Siyneydikk's Food Shop.
 22785 | Orc:2    | Found Eptoesh's Jewellery Shoppe.
 22793 | Orc:2    | Reached XP level 14. HP: 93/93 MP: 7/33
 22887 | Orc:2    | Found Pyudd's Food Boutique.
 22955 | Orc:2    | Found Wiemaini's Weapon Boutique.
 23005 | Orc:2    | Noticed Snorg
 23019 | Orc:2    | Killed Snorg
 23261 | Orc:2    | Bought an uncursed ring of magical power for 260 gold
                  | pieces
 23482 | Orc:2    | Found a staircase to the Elven Halls.
 23755 | Orc:2    | Reached skill level 15 in Shields
 24192 | D:10     | Learned a level 6 spell: Ozocubu's Refrigeration
 24199 | D:10     | Learned a level 6 spell: Freezing Cloud
 24276 | Lair:1   | Entered Level 1 of the Lair of Beasts
 24423 | Lair:1   | Reached skill level 10 in Ice Magic
 24848 | Lair:1   | Noticed Sonja
 24854 | Lair:1   | Killed Sonja
 25995 | Lair:2   | Found a staircase to the Swamp.
 27906 | Lair:4   | Found a staircase to the Snake Pit.
 29061 | Lair:6   | Entered Level 6 of the Lair of Beasts
 29063 | Lair:6   | Reached XP level 15. HP: 99/99 MP: 31/35
 29190 | Lair:6   | Noticed Urug
 29355 | Lair:6   | Killed Urug
 29488 | Lair:6   | Found a staircase to the Slime Pits.
 30667 | Orc:2    | Bought an uncursed ring of ice for 325 gold pieces
 30708 | Elf:1    | Entered Level 1 of the Elven Halls
 30851 | Elf:1    | Reached skill level 15 in Ice Magic
 30976 | Elf:1    | Identified the Tome of Sinister Arts
 32295 | Elf:2    | Reached XP level 16. HP: 81/105 MP: 23/38
 32343 | Elf:2    | Found Qasemnaw's Assorted Antiques.
 32352 | Elf:2    | Bought a scroll of identify for 58 gold pieces
 32352 | Elf:2    | Bought a scroll of fear for 101 gold pieces
 32352 | Elf:2    | Bought a scroll of teleportation for 87 gold pieces
 32352 | Elf:2    | Bought a wand of digging (5) for 232 gold pieces
 32863 | Elf:2    | Got a pair of steaming gloves
 32869 | Elf:2    | Identified the +0 pair of gloves "Jorrad" {*Drain rC+++ MR+
                  | Stlth-} (You found it on level 2 of the Elven Halls)
 33001 | Elf:2    | Found a huge runed translucent gate.
 33001 | Elf:2    | Found a huge runed translucent gate.
 33001 | Elf:2    | Found a huge runed translucent gate.
 33002 | Elf:2    | Found a huge runed translucent gate.
 33003 | Elf:2    | Found a huge runed translucent gate.
 34174 | Elf:3    | Entered Level 3 of the Elven Halls
 34449 | Elf:3    | Reached skill level 15 in Spellcasting
 34890 | Elf:3    | Cast into level 3 of the Abyss (a deep elf sorcerer)
 34897 | Abyss:3  | Noticed a tentacled monstrosity
 34917 | Abyss:3  | Killed a tentacled monstrosity
 35198 | Abyss:3  | Noticed a bone dragon
 35215 | Abyss:3  | Killed a bone dragon
 35215 | Abyss:3  | Reached XP level 17. HP: 60/111 MP: 4/42
 35425 | Abyss:3  | Noticed a bone dragon
 35426 | Elf:3    | Escaped the Abyss
 35665 | Elf:3    | Found Atuvvik's Armour Emporium.
 35672 | Elf:3    | Bought a +0 cloak of magic resistance for 161 gold pieces
 35843 | Elf:3    | Identified the cursed +1 dire flail "Mokh" {vorpal, Str+2
                  | SInv}
 35851 | Elf:3    | Noticed a deep elf blademaster
 35856 | Elf:3    | Killed a deep elf blademaster
 35863 | Elf:3    | Noticed a deep elf blademaster
 35863 | Elf:3    | Shot with an arrow by a deep elf master archer

Illustrated notes

Levels and vault maps discovered:
D:1:      psy_arrival_conway, layout_basic
D:2:      layout_basic, chequers_serial_rivers_micro_e,
          yredelemnul_altar_generic
D:3:      kennysheep_big_flooded_room, layout_basic,
          lemuel_coloured_pillars_altar, uniq_jessica
D:4:      layout_loops_ring, tgw_fedhas, uniq_crazy_yiuf_cottage, uniq_robin
D:5:      lemuel_insect_pit, layout_basic, lemuel_round_altar,
          kennysheep_mini_moat, nicolae_tso_carved_into_rock,
          grunt_temple_overflow_diamond, first_ration, serial_shops, shop_statue
D:6:      layout_loops_ring, slow_altar_1, enter_ossuary_3, uniq_sigmund
D:7:      layout_rooms, minmay_temple_entry_sparse_star,
          grunt_decor_mini_mirrors, kennysheep_generic_room_10
D:8:      layout_rooms, kennysheep_mini, special_room [special_room_orc],
          serial_shops, shop_fountains, uniq_maggie
D:9:      layout_basic, nicolae_ru_the_path_less_chosen, hiddenorc1_lemuel,
          enter_bailey_6
D:10:     minmay_bloctagon_deflated, layout_layer_cave, special_room
          [special_room_bee], serial_shops, shop
D:11:     layout_gridville, david_lair_generic, enter_trove_5
D:12:     layout_rooms, serial_shops, shop
D:13:     minmay_statue_hallways, layout_loops_corners
D:14:     layout_loops_ring, ximxim_vaults_locker_room, nrook_uturn
D:15:     grunt_enter_depths_snipers, layout_stronghold, minivault_24,
          serial_ice, serial_ice_l, serial_ice_b, serial_ice_o, serial_ice_n,
          portal_ice_cave_entry_pillars_1, chequers_serial_rivers_small_a,
          einodemon_crawler_minivault
Temple:   minmay_temple_curvy_loop
Lair:1:   layout_cave_pods, serial_bayou_pond_d, grunt_megastairs_4, uniq_sonja
Lair:2:   layout_roguey, swamp_mist, minmay_lair_oklob_chamber
Lair:3:   layout_hall_layers, st_stairs_10, beast_lair_carwin_1,
          grunt_megastairs_3
Lair:4:   layout_layer_cave, minmay_snake_entry_guardpost_large
Lair:5:   layout_hall_layers, grunt_forest_stairs_clearing
Lair:6:   grunt_lair_end_beastmaster, layout_cave_pods,
          minmay_slime_entry_pillars, uniq_urug
Orc:1:    layout_diamond_mine
Orc:2:    st_orc_open, layout_caves, uniq_saint_roka, uniq_snorg
Elf:1:    eino_elf_arrival_the_gate, layout_rooms, minmay_elf_necromancy
Elf:2:    layout_rooms, serial_shops, shop
Elf:3:    minmay_elf_hall_statues, layout_loops_cross, serial_shops,
          nicolae_shop_stone

Skill      XL: |  1  2  3  4  5  6  7  8  9 10 11 12 13 14 15 16 17 |
---------------+----------------------------------------------------+-----
Spellcasting   | 2 3 4 5 6 7 8 9 10 11 13 15 16 | 16.7
Earth Magic    | 3 4 5 7 8 10 11 13 14 15 | 15.2
Shields        | 1 2 3 4 5 6 7 9 11 14 15 | 15.7
Ice Magic      | 8 13 16 | 16.8
Dodging        | |  1.7
Stealth        | |  1.7
Transmutations | |  0.8

Action                   |  1- 3 |  4- 6 |  7- 9 | 10-12 | 13-15 | 16-18 || total
-------------------------+-------+-------+-------+-------+-------+-------++-------
Melee: Unarmed           |    49 |       |       |       |       |       ||    49
       Dagger            |    28 |       |       |    96 |    74 |       ||   198
       Whip              |     1 |    56 |   356 |    90 |       |       ||   503
       Staff             |       |       |       |       |    20 |     4 ||    24
Throw: Stone             |       |       |       |     1 |     1 |       ||     2
 Cast: Sandblast         |    41 |    36 |   171 |   302 |    81 |    11 ||   642
       Stone Arrow       |       |       |    57 |    88 |   292 |    13 ||   450
       Lee's Rapid Decon |       |       |       |    92 |   212 |   161 ||   465
       Petrify           |       |       |       |     8 |    32 |       ||    40
       Ozocubu's Refrige |       |       |       |       |    61 |    26 ||    87
Evoke: Wand              |       |       |       |     9 |    19 |       ||    28
       Lightning rod     |       |       |       |       |     8 |     4 ||    12
       Box of beasts     |       |       |       |       |     1 |       ||     1
       Tin of tremorston |       |       |       |       |       |     2 ||     2
  Use: Scroll            |       |       |    16 |    16 |    18 |    15 ||    65
       Potion            |       |       |       |       |     9 |    12 ||    21
 Stab: Sleeping          |     5 |     1 |     8 |     4 |     6 |       ||    24
       Distracted        |       |       |       |     1 |       |       ||     1
       Paralysed         |       |       |       |     1 |       |       ||     1
       Petrified         |       |       |       |       |     6 |       ||     6
  Eat: Chunk             |     5 |     6 |    20 |    26 |    45 |     5 ||   107
       Ration            |       |       |     1 |     4 |     9 |     6 ||    20
Armor: Robe              |    16 |    28 |   118 |    29 |       |       ||   191
       Troll leather arm |       |       |       |    58 |    72 |    19 ||   149
Dodge: Dodged            |    59 |    61 |   205 |   160 |   124 |    35 ||   644
Block: Kite shield       |       |       |   245 |   212 |   234 |    67 ||   758
